 Dungeon Crawl Stone Soup version 0.15.2 (webtiles) character file.

406 kekRU the Firebug (level 6, 0/32 HPs)
             Began as a Gargoyle Fire Elementalist on Dec 1, 2014.
             Was a Follower of Vehumet.
             Incinerated by yee's ghost (8 damage)
             ... with a sticky flame
             ... on Level 4 of the Dungeon.
             The game lasted 00:21:26 (5663 turns).

kekRU the Firebug (Gargoyle Fire Elementalist)      Turns: 5663, Time: 00:21:26

HP   0/32        AC  6     Str 11      XL: 6   Next: 87%
MP   6/13        EV 12     Int 18      God: Vehumet [*.....]
Gold 207         SH  0     Dex 10      Spells:  3 memorised,  3 levels left

rFire  . . .     SeeInvis .     (no weapon)
rCold  . . .     Clarity  .     a - +0 robe
rNeg   + . .     rCorr    .     (no shield)
rPois  +         rRot     +     (no helmet)
rElec  +         Spirit   .     (no cloak)
SustAb .         Warding  .     (no gloves)
rMut   .         Stasis   .     (no boots)
Gourm  .                        (no amulet)
MR     .....                    (no ring)
                                (no ring)

@: liquid flames, glowing, not resistant to hostile enchantments, very
unstealthy
A: negative energy resistance 1, electricity resistance, unbreathing,
petrification resistance, rot immunity, AC +4
a: Renounce Religion


You were on level 4 of the Dungeon.
You worshipped Vehumet.
Vehumet was aware of your devotion.
You were not hungry.

You visited 2 branches of the dungeon, and saw 5 of its levels.

You collected 207 gold pieces.

Inventory:

Hand weapons
 s - a +0 club
Armour
 a - a +0 robe (worn)
 e - a +0 leather armour
 f - a +0 shield
 k - a +0 pair of boots
 p - a +0 buckler
Comestibles
 c - 5 bread rations
 t - 3 meat rations
Scrolls
 i - a scroll of teleportation
 q - a scroll of immolation
 r - a scroll of magic mapping {unknown}
 v - a scroll of identify
 w - a scroll of blinking
Jewellery
 g - an uncursed ring of sustain abilities {unknown}
 l - an uncursed ring of fire {unknown}
 m - a +5 ring of dexterity {unknown}
 o - an uncursed ring of protection from magic {unknown}
Potions
 d - 2 potions of invisibility {unknown}
 h - a potion of cure mutation
 j - 5 potions of curing {unknown}
 u - a potion of resistance
Books
 b - a book of Flames

   Spells                             Type                      Level
   *Flame Tongue                      Conjuration/Fire             1
   Throw Flame                        Conjuration/Fire             2
   *Conjure Flame                     Conjuration/Fire             3
   Inner Flame                        Hexes/Fire                   3
   *Sticky Flame                      Conjuration/Fire             4
   Fireball                           Conjuration/Fire             5


   Skills:
 - Level 1.5 Dodging
 - Level 2.1 Stealth
 + Level 3.4 Spellcasting
 * Level 4.9 Conjurations
 * Level 5.0 Fire Magic


You had 3 spell levels left.
You knew the following spells:

 Your Spells              Type           Power        Failure   Level  Hunger
a - Flame Tongue          Conj/Fire      ###..        1%          1    None
b - Conjure Flame         Conj/Fire      ###.....     10%         3    ###....
c - Sticky Flame          Conj/Fire      ###.....     24%         4    ####...


Dungeon Overview and Level Annotations

Branches:
Dungeon (4/15)             Temple (1/1) D:4

Altars:
Cheibriados
Dithmenos
Elyvilon
Fedhas
Makhleb
Nemelex Xobeh
Okawaru
Qazlal
Sif Muna
Trog
Vehumet
Xom
Yredelemnul
Zin

Shops:
D:4 (

Annotations:
D:4 yee's ghost, average GrFE


Innate Abilities, Weirdness & Mutations

You are resistant to torment.
You are immune to poison.
Your stone body is very resilient (AC +4).
You resist negative energy.
You are resistant to electric shocks.
You can survive without breathing.
You are immune to petrification.
You are immune to rotting.


Message History

Aiming: Flame Tongue
Press: ? - help, Shift-Dir - straight line, f/p - yee's ghost
Aim: yee's ghost (flame, lightly damaged)
The flame tongue hits yee's ghost.
Yee's ghost resists.
Yee's ghost is lightly damaged.
Yee's ghost sprays you with burning goo.
The sticky flame hits you!
You are covered in liquid flames!
Unknown command.
You are covered in liquid flames!
Yee's ghost is engulfed in roaring flames.
You are covered in liquid flames!
You are covered in liquid flames!
You are covered in liquid flames!
Yee's ghost gestures at you while chanting.
The flame tongue misses you.
You are covered in liquid flames!
* * * LOW HITPOINT WARNING * * *
You are covered in liquid flames!
You die...

####.#####......###
#.................###
#ยง##.##.##...........
#.##.##.##........##.
#.##.......##...####.
#.##.##.#####...# #.
#W##.##.# ##### #. #.......#
##...## #. ####@####
##.###.###. #.# #.## ##.##.
#.# #.# #.... ##.######.##
##.##. ##.#....###.###.###.
#.###...# ##.....##.
##.#....#####.##.##.
##.##.###..........
##############.###.....#.#.#


You could see yee's ghost.

Vanquished Creatures
  An ogre (D:4)
  A phantom (D:4)
  A centaur skeleton (D:4)
  3 worker ants
  An ogre skeleton (D:4)
  3 adders (D:2)
  An inept item mimic (D:2)
  2 worms
  An adder zombie (D:2)
  An ooze (D:1)
  4 orcs
  A bat skeleton (D:2)
  2 bat zombies (D:2)
  13 hobgoblins
  2 jackals (D:2)
  12 bats
  2 giant cockroaches (D:2)
  4 giant geckos
  2 giant newts
  A giant newt zombie (D:2)
  8 goblins
  A goblin skeleton (D:4)
  A goblin zombie (D:2)
  A hobgoblin skeleton (D:4)
  A jackal zombie (D:2)
  4 kobolds
  A kobold skeleton (D:2)
  An orc skeleton (D:2)
  An orc zombie (D:2)
  A quokka skeleton (D:2)
  5 rats
  A rat skeleton (D:4)
84 creatures vanquished.

Notes
Turn   | Place    | Note
--------------------------------------------------------------
     0 | D:1      | kekRU, the Gargoyle Fire Elementalist, began the quest for the Orb.
     0 | D:1      | Reached XP level 1. HP: 10/10 MP: 3/3
   851 | D:1      | Reached XP level 2. HP: 15/15 MP: 1/4
  1486 | D:2      | Found a shimmering altar of Xom.
  1492 | D:2      | Found a burning altar of Makhleb.
  1495 | D:2      | Found a sparkling altar of Nemelex Xobeh.
  1496 | D:2      | Found a snail-covered altar of Cheibriados.
  1496 | D:2      | Found a white marble altar of Elyvilon.
  1496 | D:2      | Found a stormy altar of Qazlal.
  1504 | D:2      | Reached XP level 3. HP: 17/19 MP: 1/6
  2160 | D:2      | Reached XP level 4. HP: 24/24 MP: 2/8
  2165 | D:2      | Learned a level 3 spell: Conjure Flame
  2530 | D:2      | Learned a level 4 spell: Sticky Flame
  3609 | D:4      | Noticed yee's ghost (average GrFE)
  3665 | D:3      | Reached skill level 4 in Fire Magic
  3665 | D:3      | Reached XP level 5. HP: 23/28 MP: 2/10
  3861 | D:4      | Found a staircase to the Ecumenical Temple.
  3959 | Temple   | Entered the Ecumenical Temple
  4086 | Temple   | Became a worshipper of Vehumet
  4989 | D:4      | Found Wohu's Weapon Shop.
  5136 | D:4      | Noticed an ogre
  5146 | D:4      | Killed an ogre
  5146 | D:4      | Reached XP level 6. HP: 32/32 MP: 8/13
  5235 | D:4      | Noticed a phantom
  5262 | D:4      | Killed a phantom
  5262 | D:4      | Reached skill level 5 in Fire Magic
  5337 | D:4      | Acquired Vehumet's first power
  5337 | D:4      | Offered knowledge of Shock by Vehumet.
  5663 | D:4      | Incinerated by yee's ghost

Action                   |  1- 3 |  4- 6 || total
-------------------------+-------+-------++-------
Melee: Unarmed           |     5 |       ||     5
 Cast: Flame Tongue      |    76 |   114 ||   190
       Conjure Flame     |       |     4 ||     4
       Sticky Flame      |       |     2 ||     2
  Use: Scroll            |       |     7 ||     7
  Eat: Chunk             |     3 |    12 ||    15
       Royal jelly       |       |     1 ||     1
